3124 views
Uploaded 2020-02-08 05:22:06
Game version 1.32 / 1.32.1
21:58 long 3on3 ladder game on (6)StranglethornVale
Saved by BEARAND
3124 views
Uploaded 2020-02-08 05:22:06
Game version 1.32 / 1.32.1
21:58 long 3on3 ladder game on (6)StranglethornVale


72 units @ 6.6k
/ 0.4k
154 buildings @ 8.8k
/ 4.5k



| Scroll of Regeneration | 4 | 400 |
| Potion of Healing | 3 | 450 |
| Staff of Sanctuary | 4 | 1000 |
| Lesser Clarity Potion | 1 | 70 |
| Staff of Teleportation | 3 | 450 |
| Boots of Speed | 3 | 750 |
| total: | 18 | 3120g |
| Peasant | 12 | 900 | / | 0 |
| Priest | 1 | 135 | / | 10 |
| Gryphon Rider | 3 | 840 | / | 210 |
| total: | 16 | 1875g | / | 220w |
| Scout Tower | 42 | 1260 | / | 840 |
| Arcane Tower | 2 | 140 | / | 100 |
| Guard Tower | 38 | 2660 | / | 1900 |
| Altar of Kings | 1 | 180 | / | 50 |
| Farm | 7 | 560 | / | 140 |
| Lumber Mill | 1 | 120 | / | 0 |
| Arcane Vault | 2 | 260 | / | 60 |
| Blacksmith | 1 | 140 | / | 60 |
| Town Hall | 1 | 385 | / | 205 |
| Arcane Sanctum | 1 | 150 | / | 140 |
| Gryphon Aviary | 1 | 140 | / | 150 |
| Keep | 2 | 640 | / | 420 |
| Castle | 1 | 360 | / | 210 |
| total: | 57 | 3195g | / | 1645w |
| 0:02 | Peasant |
| 0:02 | Peasant |
| 0:09 | Altar of Kings |
| 0:12 | Peasant |
| 0:34 | Farm |
| 0:44 | Farm |
| 0:54 | Peasant |
| 0:54 | Peasant |
| 1:08 | Peasant |
| 1:11 | Lumber Mill |
| 1:18 | Scout Tower |
| 1:31 | Peasant |
| 1:38 | Scout Tower |
| 1:46 | Arcane Tower |
| 1:54 | Peasant |
| 1:55 | Peasant |
| 2:13 | Blizzard |
| 2:14 | Guard Tower |
| 2:29 | Scout Tower |
| 2:30 | Scout Tower |
| 2:46 | Peasant |
| 2:47 | Peasant |
| 2:47 | Peasant |
| 3:00 | Guard Tower |
| 3:01 | Guard Tower |
| 3:02 | Scout Tower |
| 3:03 | Scout Tower |
| 3:12 | Arcane Vault |
| 3:15 | Improved Masonry |
| 3:30 | Guard Tower |
| 3:41 | Staff of Teleportation |
| 3:41 | Boots of Speed |
| 3:47 | Scout Tower |
| 3:47 | Scout Tower |
| 3:48 | Scout Tower |
| 4:05 | Guard Tower |
| 4:21 | Scroll of Regeneration |
| 4:25 | Keep |
| 4:47 | Scroll of Regeneration |
| 4:52 | Scout Tower |
| 4:52 | Scout Tower |
| 4:53 | Scout Tower |
| 4:53 | Scout Tower |
| 4:54 | Scout Tower |
| 5:02 | Farm |
| 5:02 | Farm |
| 5:23 | Guard Tower |
| 5:29 | Guard Tower |
| 5:49 | Scout Tower |
| 5:50 | Scout Tower |
| 6:10 | Guard Tower |
| 6:10 | Guard Tower |
| 6:42 | Guard Tower |
| 6:44 | Guard Tower |
| 6:51 | Scout Tower |
| 6:52 | Scout Tower |
| 6:54 | Arcane Vault |
| 6:57 | Guard Tower |
| 7:01 | Scout Tower |
| 7:02 | Scout Tower |
| 7:24 | Scout Tower |
| 7:24 | Scout Tower |
| 7:28 | Guard Tower |
| 7:41 | Scroll of Regeneration |
| 8:17 | Guard Tower |
| 8:17 | Guard Tower |
| 8:29 | Arcane Sanctum |
| 8:33 | Storm Bolt |
| 8:40 | Castle |
| 8:56 | Potion of Healing |
| 9:12 | Potion of Healing |
| 9:39 | Potion of Healing |
| 9:39 | Scroll of Regeneration |
| 9:41 | Brilliance Aura |
| 9:48 | Priest |
| 10:06 | Guard Tower |
| 10:07 | Guard Tower |
| 10:58 | Boots of Speed |
| 10:58 | Staff of Teleportation |
| 11:08 | Scout Tower |
| 11:09 | Scout Tower |
| 11:46 | Advanced Masonry |
| 11:55 | Gryphon Aviary |
| 12:29 | Scout Tower |
| 12:29 | Scout Tower |
| 12:30 | Guard Tower |
| 12:30 | Guard Tower |
| 12:37 | Staff of Sanctuary |
| 12:50 | Lesser Clarity Potion |
| 13:08 | Staff of Sanctuary |
| 13:41 | Bash |
| 14:04 | Guard Tower |
| 14:05 | Guard Tower |
| 14:08 | Scout Tower |
| 14:09 | Scout Tower |
| 14:10 | Magic Sentry |
| 15:01 | Staff of Sanctuary |
| 15:02 | Holy Light |
| 15:15 | Scout Tower |
| 15:16 | Scout Tower |
| 16:28 | Guard Tower |
| 16:32 | Farm |
| 16:32 | Farm |
| 16:33 | Farm |
| 16:47 | Scout Tower |
| 17:02 | Scout Tower |
| 17:03 | Scout Tower |
| 17:03 | Scout Tower |
| 17:09 | Imbued Masonry |
| 17:13 | Gryphon Rider |
| 17:14 | Storm Hammers |
| 17:29 | Blizzard |
| 17:55 | Guard Tower |
| 17:56 | Guard Tower |
| 17:56 | Guard Tower |
| 18:16 | Staff of Sanctuary |
| 18:27 | Gryphon Rider |
| 18:47 | Blacksmith |
| 18:56 | Scout Tower |
| 18:57 | Scout Tower |
| 18:57 | Scout Tower |
| 18:58 | Scout Tower |
| 19:27 | Divine Shield |
| 19:28 | Storm Bolt |
| 19:37 | Gryphon Rider |
| 19:40 | Guard Tower |
| 19:42 | Scout Tower |
| 19:42 | Scout Tower |
| 19:43 | Scout Tower |
| 19:43 | Scout Tower |
| 20:11 | Boots of Speed |
| 20:31 | Staff of Teleportation |
| 21:40 | Town Hall |
| Right click | 2583 |
| Select | 648 |
| Select group | 201 |
| Build/train/purchase | 173 |
| Use ability | 83 |
| Chat | 40 |
| Assign group | 12 |
| Item give/drop | 5 |
| Minimap ping | 4 |
| Misc. action | 1 |



| Scroll of Regeneration | 6 | 600 |
| Potion of Healing | 1 | 150 |
| Orb of Fire | 2 | 650 |
| Staff of Sanctuary | 2 | 500 |
| Staff of Teleportation | 3 | 450 |
| Boots of Speed | 2 | 500 |
| Periapt of Vitality | 1 | 325 |
| total: | 17 | 3175g |
| Peasant | 18 | 1350 | / | 0 |
| Priest | 1 | 135 | / | 10 |
| Goblin Sapper | 1 | 215 | / | 100 |
| Goblin Zeppelin | 1 | 240 | / | 60 |
| total: | 21 | 1940g | / | 170w |
| Scout Tower | 15 | 450 | / | 300 |
| Guard Tower | 14 | 980 | / | 700 |
| Altar of Kings | 1 | 180 | / | 50 |
| Farm | 4 | 320 | / | 80 |
| Lumber Mill | 1 | 120 | / | 0 |
| Arcane Vault | 1 | 130 | / | 30 |
| Town Hall | 1 | 385 | / | 205 |
| Arcane Sanctum | 1 | 150 | / | 140 |
| Keep | 2 | 640 | / | 420 |
| Castle | 1 | 360 | / | 210 |
| total: | 24 | 1735g | / | 805w |
| 0:01 | Peasant |
| 0:05 | Altar of Kings |
| 0:15 | Peasant |
| 0:18 | Farm |
| 0:26 | Peasant |
| 0:32 | Lumber Mill |
| 0:36 | Peasant |
| 1:05 | Peasant |
| 1:10 | Farm |
| 1:31 | Peasant |
| 1:35 | Improved Masonry |
| 1:58 | Scout Tower |
| 2:00 | Scout Tower |
| 2:05 | Peasant |
| 2:06 | Peasant |
| 2:09 | Scout Tower |
| 2:10 | Scout Tower |
| 2:29 | Guard Tower |
| 2:30 | Guard Tower |
| 2:32 | Scout Tower |
| 2:35 | Scout Tower |
| 2:43 | Peasant |
| 2:43 | Peasant |
| 2:50 | Blizzard |
| 3:20 | Guard Tower |
| 3:22 | Scout Tower |
| 3:22 | Guard Tower |
| 3:26 | Arcane Vault |
| 3:35 | Peasant |
| 3:55 | Guard Tower |
| 3:57 | Scout Tower |
| 3:57 | Scout Tower |
| 4:09 | Scout Tower |
| 4:10 | Scout Tower |
| 4:24 | Guard Tower |
| 4:25 | Scout Tower |
| 4:29 | Scout Tower |
| 4:29 | Scout Tower |
| 4:30 | Scout Tower |
| 4:31 | Peasant |
| 4:33 | Peasant |
| 4:45 | Guard Tower |
| 5:07 | Brilliance Aura |
| 5:31 | Town Hall |
| 5:41 | Guard Tower |
| 5:42 | Guard Tower |
| 6:10 | Guard Tower |
| 6:13 | Peasant |
| 6:13 | Peasant |
| 6:17 | Blizzard |
| 6:25 | Scroll of Regeneration |
| 6:28 | Guard Tower |
| 6:58 | Peasant |
| 7:00 | Peasant |
| 7:00 | Peasant |
| 7:02 | Scroll of Regeneration |
| 7:19 | Keep |
| 7:37 | Goblin Sapper |
| 8:21 | Staff of Teleportation |
| 8:50 | Scroll of Regeneration |
| 9:07 | Potion of Healing |
| 9:40 | Scroll of Regeneration |
| 9:48 | Advanced Masonry |
| 9:49 | Castle |
| 9:57 | Keep |
| 9:58 | Arcane Sanctum |
| 10:47 | Storm Bolt |
| 11:12 | Magic Sentry |
| 11:24 | Goblin Zeppelin |
| 11:40 | Improved Lumber Harvesting |
| 11:48 | Scroll of Regeneration |
| 12:39 | Imbued Masonry |
| 13:09 | Orb of Fire |
| 13:38 | Holy Light |
| 13:46 | Staff of Sanctuary |
| 13:47 | Orb of Fire |
| 14:11 | Boots of Speed |
| 14:11 | Staff of Teleportation |
| 14:12 | Periapt of Vitality |
| 15:57 | Bash |
| 16:04 | Brilliance Aura |
| 16:24 | Staff of Sanctuary |
| 16:25 | Scroll of Regeneration |
| 16:47 | Farm |
| 16:48 | Farm |
| 16:53 | Priest Adept Training |
| 18:26 | Priest |
| 19:11 | Staff of Teleportation |
| 19:13 | Boots of Speed |
| 19:23 | Advanced Lumber Harvesting |
| 20:22 | Divine Shield |
| 20:56 | Storm Bolt |
| Right click | 1459 |
| Select | 698 |
| Select group | 249 |
| Build/train/purchase | 125 |
| Assign group | 98 |
| Use ability | 87 |
| Chat | 36 |
| Item give/drop | 7 |
| Misc. action | 6 |
| Minimap ping | 6 |



| Scroll of Regeneration | 11 | 1100 |
| Lesser Clarity Potion | 7 | 490 |
| Mechanical Critter | 2 | 100 |
| Potion of Healing | 3 | 450 |
| Staff of Sanctuary | 3 | 750 |
| Orb of Fire | 1 | 325 |
| Boots of Speed | 3 | 750 |
| Staff of Teleportation | 3 | 450 |
| Circlet of Nobility | 1 | 175 |
| total: | 34 | 4590g |
| Peasant | 33 | 2475 | / | 0 |
| Priest | 2 | 270 | / | 20 |
| total: | 35 | 2745g | / | 20w |
| Scout Tower | 59 | 1770 | / | 1180 |
| Arcane Tower | 3 | 210 | / | 150 |
| Guard Tower | 32 | 2240 | / | 1600 |
| Altar of Kings | 1 | 180 | / | 50 |
| Farm | 5 | 400 | / | 100 |
| Lumber Mill | 2 | 240 | / | 0 |
| Arcane Vault | 2 | 260 | / | 60 |
| Town Hall | 2 | 770 | / | 410 |
| Arcane Sanctum | 2 | 300 | / | 280 |
| Keep | 1 | 320 | / | 210 |
| Castle | 2 | 720 | / | 420 |
| total: | 73 | 3920g | / | 2080w |
| 0:01 | Peasant |
| 0:03 | Altar of Kings |
| 0:07 | Peasant |
| 0:18 | Farm |
| 0:19 | Peasant |
| 0:26 | Peasant |
| 0:40 | Lumber Mill |
| 0:41 | Peasant |
| 0:58 | Lumber Mill |
| 0:59 | Peasant |
| 1:11 | Peasant |
| 1:16 | Farm |
| 1:28 | Peasant |
| 1:44 | Peasant |
| 1:53 | Scout Tower |
| 1:58 | Peasant |
| 2:05 | Blizzard |
| 2:06 | Peasant |
| 2:08 | Scout Tower |
| 2:11 | Improved Masonry |
| 2:13 | Peasant |
| 2:42 | Arcane Tower |
| 2:43 | Scout Tower |
| 2:54 | Peasant |
| 2:56 | Scout Tower |
| 2:56 | Guard Tower |
| 3:17 | Guard Tower |
| 3:18 | Scout Tower |
| 3:19 | Scout Tower |
| 3:21 | Peasant |
| 3:38 | Guard Tower |
| 4:02 | Keep |
| 4:10 | Farm |
| 4:13 | Arcane Vault |
| 4:37 | Brilliance Aura |
| 4:45 | Scout Tower |
| 4:50 | Scout Tower |
| 4:53 | Guard Tower |
| 4:55 | Scout Tower |
| 4:56 | Scout Tower |
| 5:19 | Arcane Tower |
| 5:27 | Arcane Tower |
| 5:29 | Scout Tower |
| 5:29 | Scout Tower |
| 5:49 | Guard Tower |
| 6:23 | Peasant |
| 6:23 | Peasant |
| 6:24 | Peasant |
| 6:41 | Town Hall |
| 6:46 | Town Hall |
| 6:52 | Boots of Speed |
| 6:52 | Staff of Teleportation |
| 6:57 | Peasant |
| 7:05 | Guard Tower |
| 7:14 | Peasant |
| 7:36 | Blizzard |
| 7:47 | Guard Tower |
| 8:02 | Scout Tower |
| 8:05 | Scroll of Regeneration |
| 8:28 | Scroll of Regeneration |
| 8:28 | Lesser Clarity Potion |
| 8:31 | Lesser Clarity Potion |
| 8:31 | Lesser Clarity Potion |
| 8:37 | Peasant |
| 8:44 | Guard Tower |
| 8:45 | Scout Tower |
| 8:59 | Scout Tower |
| 9:00 | Scout Tower |
| 9:00 | Scout Tower |
| 9:05 | Mechanical Critter |
| 9:12 | Guard Tower |
| 9:13 | Lesser Clarity Potion |
| 9:15 | Scout Tower |
| 9:16 | Scout Tower |
| 9:17 | Scout Tower |
| 9:18 | Storm Bolt |
| 9:34 | Scout Tower |
| 9:35 | Scout Tower |
| 9:37 | Peasant |
| 9:37 | Peasant |
| 9:38 | Arcane Vault |
| 9:50 | Guard Tower |
| 9:52 | Scout Tower |
| 9:52 | Scout Tower |
| 9:58 | Scout Tower |
| 9:59 | Scout Tower |
| 10:10 | Advanced Masonry |
| 10:11 | Peasant |
| 10:16 | Scout Tower |
| 10:18 | Scout Tower |
| 10:19 | Scout Tower |
| 10:19 | Scout Tower |
| 10:20 | Scout Tower |
| 10:27 | Guard Tower |
| 10:31 | Peasant |
| 10:34 | Scout Tower |
| 10:36 | Castle |
| 10:38 | Guard Tower |
| 10:46 | Scroll of Regeneration |
| 10:49 | Lesser Clarity Potion |
| 10:49 | Scroll of Regeneration |
| 10:58 | Guard Tower |
| 10:59 | Scout Tower |
| 10:59 | Scout Tower |
| 11:04 | Peasant |
| 11:17 | Guard Tower |
| 11:21 | Guard Tower |
| 11:33 | Guard Tower |
| 11:39 | Potion of Healing |
| 11:41 | Scroll of Regeneration |
| 11:46 | Guard Tower |
| 11:53 | Guard Tower |
| 11:55 | Peasant |
| 11:59 | Potion of Healing |
| 11:59 | Potion of Healing |
| 12:02 | Lesser Clarity Potion |
| 12:22 | Brilliance Aura |
| 12:29 | Guard Tower |
| 12:30 | Peasant |
| 12:44 | Scout Tower |
| 12:45 | Scout Tower |
| 12:45 | Scout Tower |
| 12:46 | Scout Tower |
| 13:02 | Scroll of Regeneration |
| 13:06 | Staff of Sanctuary |
| 13:13 | Peasant |
| 13:13 | Peasant |
| 13:15 | Scout Tower |
| 13:18 | Staff of Sanctuary |
| 13:20 | Orb of Fire |
| 13:24 | Scout Tower |
| 13:42 | Guard Tower |
| 14:00 | Arcane Sanctum |
| 14:01 | Peasant |
| 14:02 | Peasant |
| 14:04 | Arcane Sanctum |
| 14:06 | Farm |
| 14:06 | Farm |
| 14:09 | Scroll of Regeneration |
| 14:15 | Guard Tower |
| 14:24 | Guard Tower |
| 14:26 | Scout Tower |
| 14:26 | Scout Tower |
| 14:37 | Boots of Speed |
| 14:47 | Staff of Teleportation |
| 14:51 | Scroll of Regeneration |
| 14:54 | Holy Light |
| 15:09 | Guard Tower |
| 15:11 | Staff of Sanctuary |
| 15:20 | Bash |
| 15:59 | Imbued Masonry |
| 16:27 | Peasant |
| 16:27 | Peasant |
| 17:01 | Guard Tower |
| 17:04 | Scout Tower |
| 17:06 | Scout Tower |
| 17:11 | Scroll of Regeneration |
| 17:13 | Lesser Clarity Potion |
| 17:17 | Scout Tower |
| 17:28 | Magic Sentry |
| 17:28 | Priest |
| 17:46 | Boots of Speed |
| 17:46 | Staff of Teleportation |
| 17:47 | Circlet of Nobility |
| 18:39 | Guard Tower |
| 18:42 | Scout Tower |
| 18:43 | Scout Tower |
| 18:46 | Scout Tower |
| 18:47 | Scout Tower |
| 19:06 | Scout Tower |
| 19:07 | Scout Tower |
| 19:18 | Scout Tower |
| 19:19 | Scout Tower |
| 19:20 | Guard Tower |
| 19:31 | Scout Tower |
| 19:31 | Scout Tower |
| 19:48 | Guard Tower |
| 19:49 | Scout Tower |
| 20:01 | Guard Tower |
| 20:02 | Priest |
| 20:05 | Scout Tower |
| 20:24 | Divine Shield |
| 20:31 | Scroll of Regeneration |
| 20:35 | Scroll of Regeneration |
| 20:39 | Mechanical Critter |
| 20:47 | Blizzard |
| 21:39 | Guard Tower |
| 21:41 | Scout Tower |
| 21:41 | Scout Tower |
| Right click | 1537 |
| Select group | 557 |
| Assign group | 548 |
| Select | 286 |
| Build/train/purchase | 186 |
| Use ability | 99 |
| Chat | 19 |
| Misc. action | 5 |
| Minimap ping | 2 |
| Item give/drop | 1 |
175 units @ 24.5k
/ 3.8k
43 buildings @ 6.1k
/ 2.1k

| Boots of Speed | 2 | 500 |
| total: | 2 | 500g |
| Wisp | 15 | 900 | / | 0 |
| Archer | 30 | 3900 | / | 300 |
| Huntress | 15 | 2925 | / | 300 |
| total: | 60 | 7725g | / | 600w |
| Altar of Elders | 1 | 180 | / | 50 |
| Moon Well | 4 | 720 | / | 160 |
| Ancient of War | 2 | 300 | / | 120 |
| Hunter's Hall | 1 | 210 | / | 100 |
| Tree of Ages | 1 | 320 | / | 180 |
| total: | 8 | 1410g | / | 430w |
| 0:07 | Altar of Elders |
| 0:10 | Moon Well |
| 0:11 | Wisp |
| 0:11 | Wisp |
| 0:11 | Wisp |
| 0:11 | Wisp |
| 0:42 | Wisp |
| 1:03 | Ancient of War |
| 1:20 | Wisp |
| 1:30 | Wisp |
| 1:37 | Moon Well |
| 1:52 | Wisp |
| 2:06 | Archer |
| 2:06 | Archer |
| 2:24 | Trueshot Aura |
| 3:27 | Archer |
| 3:27 | Archer |
| 3:29 | Wisp |
| 3:49 | Moon Well |
| 4:00 | Archer |
| 4:02 | Wisp |
| 4:22 | Ancient of War |
| 4:46 | Moon Well |
| 4:57 | Tree of Ages |
| 5:18 | Archer |
| 5:18 | Archer |
| 5:30 | Archer |
| 5:30 | Archer |
| 5:31 | Archer |
| 5:47 | Hunter's Hall |
| 6:10 | Archer |
| 6:51 | Strength of the Moon |
| 7:16 | Archer |
| 7:16 | Archer |
| 7:19 | Wisp |
| 7:19 | Wisp |
| 7:19 | Wisp |
| 8:12 | Moon Armor |
| 8:18 | Improved Bows |
| 9:23 | Huntress |
| 9:23 | Huntress |
| 9:23 | Huntress |
| 9:46 | Searing Arrows |
| 10:00 | Improved Strength of the Moon |
| 10:05 | Huntress |
| 10:06 | Archer |
| 11:02 | Huntress |
| 11:03 | Huntress |
| 11:03 | Huntress |
| 11:57 | Huntress |
| 11:57 | Huntress |
| 11:57 | Huntress |
| 12:48 | Boots of Speed |
| 12:54 | Boots of Speed |
| 13:13 | Moon Glaive |
| 13:15 | Ultravision |
| 14:00 | Archer |
| 14:00 | Huntress |
| 14:01 | Huntress |
| 14:09 | Improved Moon Armor |
| 16:06 | Archer |
| 16:06 | Archer |
| 16:06 | Archer |
| 17:32 | Trueshot Aura |
| 17:54 | Archer |
| 17:55 | Archer |
| 17:55 | Archer |
| 17:55 | Archer |
| 17:55 | Archer |
| 18:18 | Wisp |
| 18:19 | Wisp |
| 18:45 | Huntress |
| 18:45 | Huntress |
| 18:45 | Huntress |
| 20:55 | Archer |
| 20:55 | Archer |
| 20:55 | Archer |
| 20:56 | Archer |
| 20:56 | Archer |
| 20:56 | Archer |
| 20:56 | Archer |
| Right click | 1341 |
| Select | 258 |
| Select group | 96 |
| Build/train/purchase | 79 |
| Minimap ping | 39 |
| Assign group | 27 |
| Misc. action | 10 |
| Resource trade | 5 |
| Use ability | 2 |
| Remove unit | 2 |

| Lesser Clarity Potion | 2 | 140 |
| Potion of Healing | 1 | 150 |
| Boots of Speed | 1 | 250 |
| total: | 4 | 540g |
| Wisp | 12 | 720 | / | 0 |
| Huntress | 2 | 390 | / | 40 |
| Glaive Thrower | 25 | 5250 | / | 1625 |
| total: | 39 | 6360g | / | 1665w |
| Altar of Elders | 2 | 360 | / | 100 |
| Moon Well | 6 | 1080 | / | 240 |
| Ancient of War | 2 | 300 | / | 120 |
| Hunter's Hall | 1 | 210 | / | 100 |
| Tree of Ages | 1 | 320 | / | 180 |
| total: | 11 | 1950g | / | 560w |
| 0:03 | Wisp |
| 0:04 | Wisp |
| 0:12 | Altar of Elders |
| 0:20 | Moon Well |
| 0:27 | Wisp |
| 0:35 | Altar of Elders |
| 0:40 | Ancient of War |
| 0:46 | Wisp |
| 1:00 | Wisp |
| 1:11 | Wisp |
| 1:26 | Wisp |
| 1:37 | Wisp |
| 1:44 | Wisp |
| 1:54 | Hunter's Hall |
| 2:12 | Ancient of War |
| 2:23 | Force of Nature |
| 2:33 | Moon Well |
| 2:53 | Moon Well |
| 3:05 | Huntress |
| 3:15 | Moon Well |
| 4:28 | Glaive Thrower |
| 4:29 | Glaive Thrower |
| 5:11 | Tree of Ages |
| 5:13 | Glaive Thrower |
| 5:15 | Huntress |
| 5:37 | Boots of Speed |
| 5:45 | Glaive Thrower |
| 6:40 | Glaive Thrower |
| 7:03 | Glaive Thrower |
| 7:21 | Glaive Thrower |
| 7:43 | Vorpal Blades |
| 8:23 | Glaive Thrower |
| 8:37 | Strength of the Moon |
| 8:38 | Moon Armor |
| 9:12 | Glaive Thrower |
| 9:29 | Moon Well |
| 9:52 | Glaive Thrower |
| 10:30 | Glaive Thrower |
| 10:54 | Glaive Thrower |
| 10:59 | Moon Well |
| 11:06 | Improved Strength of the Moon |
| 11:46 | Glaive Thrower |
| 12:27 | Glaive Thrower |
| 12:45 | Wisp |
| 12:46 | Wisp |
| 12:46 | Wisp |
| 14:15 | Glaive Thrower |
| 14:58 | Glaive Thrower |
| 15:42 | Glaive Thrower |
| 16:04 | Glaive Thrower |
| 16:33 | Glaive Thrower |
| 16:39 | Entangling Roots |
| 17:00 | Glaive Thrower |
| 17:11 | Glaive Thrower |
| 17:34 | Glaive Thrower |
| 17:56 | Glaive Thrower |
| 18:14 | Glaive Thrower |
| 19:03 | Lesser Clarity Potion |
| 19:08 | Potion of Healing |
| 19:10 | Lesser Clarity Potion |
| 21:01 | Glaive Thrower |
| Right click | 1088 |
| Select | 359 |
| Select group | 151 |
| Build/train/purchase | 57 |
| Assign group | 46 |
| Misc. action | 38 |
| Use ability | 21 |
| Resource trade | 5 |
| Item give/drop | 1 |
| Remove unit | 1 |
| Esc | 1 |
| Minimap ping | 1 |



| Scroll of Regeneration | 1 | 100 |
| total: | 1 | 100g |
| Peasant | 32 | 2400 | / | 0 |
| Footman | 3 | 405 | / | 0 |
| Rifleman | 19 | 3895 | / | 570 |
| Mortar Team | 5 | 900 | / | 350 |
| Priest | 8 | 1080 | / | 80 |
| Siege Engine | 9 | 1755 | / | 540 |
| total: | 76 | 10435g | / | 1540w |
| Scout Tower | 3 | 90 | / | 60 |
| Arcane Tower | 3 | 210 | / | 150 |
| Altar of Kings | 1 | 180 | / | 50 |
| Farm | 10 | 800 | / | 200 |
| Barracks | 2 | 320 | / | 120 |
| Blacksmith | 1 | 140 | / | 60 |
| Lumber Mill | 2 | 240 | / | 0 |
| Arcane Vault | 1 | 130 | / | 30 |
| Town Hall | 1 | 385 | / | 205 |
| Workshop | 2 | 280 | / | 280 |
| Arcane Sanctum | 1 | 150 | / | 140 |
| Keep | 3 | 960 | / | 630 |
| Castle | 3 | 1080 | / | 630 |
| total: | 24 | 2715g | / | 1145w |
| 0:03 | Peasant |
| 0:07 | Altar of Kings |
| 0:18 | Peasant |
| 0:20 | Farm |
| 0:33 | Peasant |
| 0:35 | Barracks |
| 0:45 | Peasant |
| 0:57 | Farm |
| 1:02 | Peasant |
| 1:15 | Peasant |
| 1:37 | Footman |
| 1:39 | Farm |
| 1:41 | Peasant |
| 1:44 | Peasant |
| 1:59 | Blacksmith |
| 2:03 | Footman |
| 2:04 | Footman |
| 2:09 | Summon Water Elemental |
| 2:15 | Peasant |
| 3:14 | Peasant |
| 3:15 | Peasant |
| 3:15 | Peasant |
| 3:15 | Peasant |
| 3:22 | Scout Tower |
| 3:22 | Scout Tower |
| 3:41 | Rifleman |
| 3:58 | Arcane Tower |
| 4:05 | Peasant |
| 4:14 | Scout Tower |
| 4:40 | Brilliance Aura |
| 4:47 | Peasant |
| 4:47 | Peasant |
| 4:51 | Arcane Tower |
| 5:06 | Lumber Mill |
| 5:23 | Rifleman |
| 5:35 | Arcane Vault |
| 5:44 | Keep |
| 5:44 | Keep |
| 6:12 | Rifleman |
| 6:53 | Rifleman |
| 6:55 | Summon Water Elemental |
| 7:04 | Scroll of Regeneration |
| 7:16 | Town Hall |
| 7:27 | Farm |
| 7:30 | Farm |
| 8:12 | Workshop |
| 8:25 | Rifleman |
| 8:33 | Improved Lumber Harvesting |
| 8:34 | Peasant |
| 8:34 | Peasant |
| 8:34 | Peasant |
| 8:39 | Farm |
| 9:26 | Rifleman |
| 9:27 | Mortar Team |
| 9:54 | Rifleman |
| 9:57 | Mortar Team |
| 10:16 | Arcane Sanctum |
| 10:20 | Peasant |
| 10:20 | Peasant |
| 10:27 | Peasant |
| 10:28 | Peasant |
| 10:28 | Peasant |
| 10:41 | Peasant |
| 10:41 | Peasant |
| 10:41 | Peasant |
| 10:41 | Peasant |
| 10:45 | Peasant |
| 10:45 | Peasant |
| 10:45 | Peasant |
| 10:46 | Peasant |
| 11:22 | Long Rifles |
| 12:05 | Rifleman |
| 12:06 | Mortar Team |
| 12:09 | Priest |
| 12:17 | Farm |
| 12:17 | Farm |
| 12:27 | Rifleman |
| 12:41 | Mortar Team |
| 12:47 | Barracks |
| 12:51 | Black Gunpowder |
| 12:54 | Rifleman |
| 12:58 | Priest |
| 12:58 | Priest |
| 12:58 | Priest |
| 12:58 | Priest |
| 13:11 | Holy Light |
| 13:49 | Rifleman |
| 13:58 | Mortar Team |
| 14:00 | Priest Adept Training |
| 14:01 | Priest |
| 14:06 | Farm |
| 14:09 | Castle |
| 14:12 | Rifleman |
| 14:18 | Refined Gunpowder |
| 14:18 | Imbued Gunpowder |
| 14:34 | Rifleman |
| 15:03 | Rifleman |
| 16:43 | Siege Engine |
| 16:45 | Siege Engine |
| 16:48 | Workshop |
| 16:54 | Iron Plating |
| 17:17 | Priest |
| 17:22 | Lumber Mill |
| 17:25 | Advanced Lumber Harvesting |
| 17:32 | Brilliance Aura |
| 17:38 | Rifleman |
| 17:40 | Storm Bolt |
| 18:01 | Siege Engine |
| 18:04 | Siege Engine |
| 18:06 | Siege Engine |
| 18:09 | Rifleman |
| 18:10 | Priest |
| 18:49 | Siege Engine |
| 18:51 | Rifleman |
| 19:21 | Siege Engine |
| 19:45 | Farm |
| 20:14 | Siege Engine |
| 20:17 | Rifleman |
| 20:47 | Rifleman |
| 20:58 | Siege Engine |
| 21:02 | Improved Masonry |
| 21:02 | Advanced Masonry |
| Right click | 1323 |
| Select | 434 |
| Select group | 249 |
| Build/train/purchase | 170 |
| Misc. action | 47 |
| Assign group | 38 |
| Use ability | 9 |
| Resource trade | 5 |
| Minimap ping | 3 |
| Remove unit | 1 |
| Esc | 1 |
⇛